IL
COLORADO SPRINGS SKY SOX @ SACRAMENTO RIVER CATS
05/29/2048
 
TOP OF THE 1ST
Colorado Springs Sky Sox batting - Pitching for Sacramento River Cats : RHP John Delaney
Pitching: RHP John Delaney
Batting: LHB Greg Valenzuela 0-0: Ball
1-0: Foul Ball, location: 2F
1-1: Foul Ball, location: 2F
1-2: Ball
2-2: Strikes out swinging
Batting: LHB Steve Gilliam 0-0: Called Strike
0-1: Swinging Strike
0-2: Ball
1-2: Ground out 4-3 (Groundball, 4, EV 89.4 MPH)
Batting: RHB Maurice Moore 0-0: Ball
1-0: Foul Ball, location: 2F
1-1: Ball
2-1: Called Strike
2-2: Foul Ball, location: 2F
2-2: Strikes out swinging
Top of the 1st over - 0 runs, 0 hits, 0 errors, 0 left on base; Colorado Springs 0 - Sacramento 0
BOTTOM OF THE 1ST
Sacramento River Cats batting - Pitching for Colorado Springs Sky Sox : LHP Marc Eismann
Pitching: LHP Marc Eismann
Batting: LHB Mason Duffy 0-0: Ball
1-0: Called Strike
1-1: Fly out, F8 (Flyball, 8RM, EV 85.6 MPH)
Batting: RHB Dave Crouch 0-0: SINGLE (Flyball, 78S, EV 86.9 MPH)
Batting: RHB Troy Trice 0-0: Swinging Strike
0-1: SINGLE (Flyball, 5D, EV 85.0 MPH)
Dave Crouch to second
Batting: RHB Hugo Zacarias 0-0: Ball
1-0: Ball
2-0: Grounds into double play, 5-4-3 (Groundball, 56, EV 80.6 MPH)
Bottom of the 1st over - 0 runs, 2 hits, 0 errors, 1 left on base; Colorado Springs 0 - Sacramento 0
TOP OF THE 2ND
Colorado Springs Sky Sox batting - Pitching for Sacramento River Cats : RHP John Delaney
Batting: LHB Michael Krott 0-0: Ball
1-0: Foul Ball, location: 2F
1-1: Ball
2-1: SINGLE (Popup, 5D, EV 64.4 MPH)
Batting: RHB Mike McElroy 0-0: Ball
1-0: SINGLE (Groundball, 6M, EV 99.4 MPH)
Michael Krott to second
Batting: LHB Luke Coulter 0-0: SINGLE (Line Drive, 4M, EV 100.0 MPH)
Michael Krott to third
Mike McElroy to second
Batting: SHB Jamie Mims 0-0: Ball
1-0: Ball
2-0: Called Strike
2-1: Ball
3-1: DOUBLE (Line Drive, 89D, EV 104.4 MPH)
Michael Krott scores
Mike McElroy scores
Luke Coulter to third
Batting: RHB John Stevenson 0-0: DOUBLE (Groundball, 5L, EV 98.1 MPH)
Luke Coulter scores
Jamie Mims scores
Batting: RHB Kevin McKasson 0-0: Ball
1-0: Swinging Strike
1-1: Ball
2-1: Foul Ball, location: 2F
2-2: Foul Ball, location: 2F
2-2: Strikes out swinging
Batting: LHB Greg Valenzuela 0-0: Ball
1-0: Ball
2-0: Called Strike
2-1: Swinging Strike
2-2: Ball
3-2: Foul Ball, location: 2F
3-2: Strikes out swinging
Batting: LHB Steve Gilliam 0-0: Ball
1-0: Called Strike
1-1: 2-RUN HOME RUN (Flyball, 7D, EV 98.8 MPH), Distance : 381 ft
Batting: RHB Maurice Moore 0-0: Ground out 4-3 (Groundball, 4, EV 86.9 MPH)
Top of the 2nd over - 6 runs, 6 hits, 0 errors, 0 left on base; Colorado Springs 6 - Sacramento 0
BOTTOM OF THE 2ND
Sacramento River Cats batting - Pitching for Colorado Springs Sky Sox : LHP Marc Eismann
Batting: LHB Kevin Kantor 0-0: Swinging Strike
0-1: Swinging Strike
0-2: Ball
1-2: Ball
2-2: Ball
3-2: Fly out, F8 (Flyball, 8RXD, EV 103.8 MPH)
Batting: RHB Justin Baldwin 0-0: Ground out 3-1 (Groundball, 34S, EV 91.9 MPH)
Batting: RHB Nick Wicker 0-0: Called Strike
0-1: Ball
1-1: Called Strike
1-2: Ball
2-2: Strikes out swinging
Bottom of the 2nd over - 0 runs, 0 hits, 0 errors, 0 left on base; Colorado Springs 6 - Sacramento 0
TOP OF THE 3RD
Colorado Springs Sky Sox batting - Pitching for Sacramento River Cats : RHP John Delaney
Batting: LHB Michael Krott 0-0: SINGLE (Groundball, 34D, EV 103.8 MPH)
Pitching: RHP Jorge Sosa
Batting: RHB Mike McElroy 0-0: Called Strike
0-1: Ball
1-1: DOUBLE (Groundball, 5L, EV 115.0 MPH)
Michael Krott to third
Batting: LHB Luke Coulter 0-0: Swinging Strike
0-1: Ball
1-1: Swinging Strike
1-2: SINGLE (Line Drive, 89S, EV 90.0 MPH)
Michael Krott scores
Mike McElroy to third
Batting: SHB Jamie Mims 0-0: Foul Ball, location: 2F
0-1: Ball
1-1: Fielders Choice at 2nd, 3-6 (Groundball, 34, EV 82.5 MPH)
Mike McElroy scores
Batting: RHB John Stevenson 0-0: Called Strike
0-1: Foul Ball, location: 2F
0-2: Strikes out swinging
Batting: RHB Kevin McKasson 0-0: Ball
1-0: Ball
2-0: Called Strike
2-1: Ball
3-1: Base on Balls
Jamie Mims to second
Batting: LHB Greg Valenzuela 0-0: Ball
1-0: Foul Ball, location: 2F
1-1: Called Strike
1-2: Ball
2-2: Ball
3-2: Strikes out swinging
Top of the 3rd over - 2 runs, 3 hits, 0 errors, 2 left on base; Colorado Springs 8 - Sacramento 0
BOTTOM OF THE 3RD
Sacramento River Cats batting - Pitching for Colorado Springs Sky Sox : LHP Marc Eismann
Batting: RHB Matt Shepard 0-0: Ball
1-0: Foul Ball, location: 2F
1-1: Fly out, F8 (Flyball, 8RD, EV 96.2 MPH)
Batting: LHB Willie Ceniceros 0-0: Ball
1-0: SINGLE (Line Drive, 7LS, EV 103.8 MPH)
Batting: LHB Mason Duffy 0-0: Ball
1-0: Ball
2-0: Called Strike
2-1: Ball
3-1: Called Strike
3-2: Fly out, F7 (Flyball, 78M, EV 94.4 MPH)
Batting: RHB Dave Crouch 0-0: Ball
1-0: Called Strike
1-1: Ball
2-1: Foul Ball, location: 2F
2-2: Foul Ball, location: 2F
2-2: Strikes out swinging
Bottom of the 3rd over - 0 runs, 1 hit, 0 errors, 1 left on base; Colorado Springs 8 - Sacramento 0
TOP OF THE 4TH
Colorado Springs Sky Sox batting - Pitching for Sacramento River Cats : RHP Jorge Sosa
Batting: LHB Steve Gilliam 0-0: Foul Ball, location: 2F
0-1: Ball
1-1: Ball
2-1: Foul Ball, location: 2F
2-2: Ball
3-2: Fly out, F9 (Line Drive, 9S, EV 96.9 MPH)
Batting: RHB Maurice Moore 0-0: Ball
1-0: Foul Ball, location: 2F
1-1: Called Strike
1-2: Strikes out looking
Batting: LHB Michael Krott 0-0: Ball
1-0: Fly out, F9 (Flyball, 9D, EV 103.8 MPH)
Top of the 4th over - 0 runs, 0 hits, 0 errors, 0 left on base; Colorado Springs 8 - Sacramento 0
BOTTOM OF THE 4TH
Sacramento River Cats batting - Pitching for Colorado Springs Sky Sox : LHP Marc Eismann
Batting: RHB Troy Trice 0-0: Ball
1-0: Fly out, F8 (Line Drive, 78D, EV 99.4 MPH)
Batting: RHB Hugo Zacarias 0-0: Ball
1-0: Ball
2-0: Ball
3-0: Base on Balls
Batting: LHB Kevin Kantor 0-0: Called Strike
0-1: Ball
1-1: Foul Ball, location: 2F
1-2: Fielders Choice at 2nd, 4-6 (Groundball, 4, EV 84.4 MPH)
Batting: RHB Justin Baldwin 0-0: SINGLE (Line Drive, 34D, EV 98.1 MPH)
Kevin Kantor to second
Batting: RHB Nick Wicker 0-0: Foul Ball, location: 2F
0-1: Ball
1-1: Ball
2-1: Fielders Choice at 2nd, 6-4 (Groundball, 6, EV 103.8 MPH)
Bottom of the 4th over - 0 runs, 1 hit, 0 errors, 2 left on base; Colorado Springs 8 - Sacramento 0
TOP OF THE 5TH
Colorado Springs Sky Sox batting - Pitching for Sacramento River Cats : RHP Jorge Sosa
Batting: RHB Mike McElroy 0-0: Ball
1-0: DOUBLE (Line Drive, 7LD, EV 109.4 MPH)
Batting: LHB Luke Coulter 0-0: Called Strike
0-1: Foul Ball, location: 2F
0-2: Foul Ball, location: 2F
0-2: Ground out 4-3 (Groundball, 4, EV 84.4 MPH)
Mike McElroy to third
Batting: SHB Jamie Mims 0-0: Foul Ball, location: 2F
0-1: Foul Ball, location: 2F
0-2: Ball
1-2: Foul Ball, location: 2F
1-2: Foul Ball, location: 2F
1-2: Foul Ball, location: 2F
1-2: SINGLE (Line Drive, 4M, EV 94.4 MPH)
Mike McElroy scores
Batting: RHB John Stevenson 0-0: Ball
1-0: Called Strike
1-1: Called Strike
1-2: Foul Ball, location: 2F
1-2: Grounds into double play, 3-6-3 (Groundball, 34, EV 100.0 MPH)
Top of the 5th over - 1 run, 2 hits, 0 errors, 0 left on base; Colorado Springs 9 - Sacramento 0
BOTTOM OF THE 5TH
Sacramento River Cats batting - Pitching for Colorado Springs Sky Sox : LHP Marc Eismann
Batting: RHB Matt Shepard 0-0: Ball
1-0: Ball
2-0: Foul Ball, location: 2F
2-1: Called Strike
2-2: SINGLE (Groundball, 3D, EV 103.8 MPH)
Batting: LHB Willie Ceniceros 0-0: Ball
1-0: Ball
2-0: Foul Ball, location: 2F
2-1: Ball
3-1: Swinging Strike
3-2: Strikes out swinging
Batting: LHB Mason Duffy 0-0: Ball
1-0: Ball
2-0: Ball
3-0: Called Strike
3-1: Foul Ball, location: 2F
3-2: Base on Balls
Matt Shepard to second
Batting: RHB Dave Crouch 0-0: Grounds into double play, 6-4-3 (Groundball, 6, EV 87.5 MPH)
Bottom of the 5th over - 0 runs, 1 hit, 0 errors, 1 left on base; Colorado Springs 9 - Sacramento 0
TOP OF THE 6TH
Colorado Springs Sky Sox batting - Pitching for Sacramento River Cats : RHP Jorge Sosa
Batting: RHB Kevin McKasson 0-0: Ball
1-0: Called Strike
1-1: Called Strike
1-2: Strikes out swinging
Batting: LHB Greg Valenzuela 0-0: SINGLE (Line Drive, 7S, EV 93.1 MPH)
Batting: LHB Steve Gilliam 0-0: Hit by Pitch
Greg Valenzuela to second
Batting: RHB Maurice Moore 0-0: Ball
1-0: Reached on error, E1 (Groundball, 34S, EV 73.8 MPH)
Greg Valenzuela to third
Steve Gilliam to second
Pitching: LHP Mike del Rio
Batting: LHB Michael Krott 0-0: Ball
1-0: Ball
2-0: Ball
3-0: Called Strike
3-1: Base on Balls
Greg Valenzuela scores
Steve Gilliam to third
Maurice Moore to second
Batting: RHB Mike McElroy 0-0: Ball
1-0: Ball
2-0: Ball
3-0: Base on Balls
Steve Gilliam scores
Maurice Moore to third
Michael Krott to second
Batting: LHB Luke Coulter 0-0: Called Strike
0-1: Called Strike
0-2: DOUBLE (Groundball, 3L, EV 94.4 MPH)
Maurice Moore scores
Michael Krott scores
Mike McElroy to third
Batting: SHB Jamie Mims 0-0: Ball
1-0: Ball
2-0: Called Strike
2-1: Swinging Strike
2-2: Foul Ball, location: 2F
2-2: Ball
3-2: Base on Balls
Batting: RHB John Stevenson 0-0: Foul Ball, location: 2F
0-1: Ball
1-1: Ball
2-1: Called Strike
2-2: Strikes out looking
Batting: RHB Kevin McKasson 0-0: Called Strike
0-1: Ball
1-1: Ball
2-1: Foul Ball, location: 2F
2-2: Foul Ball, location: 2F
2-2: Ball
3-2: SINGLE (Groundball, 6MD, EV 100.6 MPH)
Mike McElroy scores
Luke Coulter to third
Jamie Mims to second
Luke Coulter scores
Jamie Mims to third
Batting: LHB Greg Valenzuela 0-0: Swinging Strike
0-1: Foul Ball, location: 2F
0-2: Strikes out swinging
Top of the 6th over - 6 runs, 3 hits, 1 error, 2 left on base; Colorado Springs 15 - Sacramento 0
BOTTOM OF THE 6TH
Sacramento River Cats batting - Pitching for Colorado Springs Sky Sox : LHP Marc Eismann
Batting: RHB Troy Trice 0-0: Foul Ball, location: 2F
0-1: Ball
1-1: Fly out, F8 (Flyball, 8LXD, EV 103.1 MPH)
Batting: RHB Hugo Zacarias 0-0: Ball
1-0: Foul Ball, location: 2F
1-1: Fly out, F8 (Flyball, 8RD, EV 105.6 MPH)
Batting: LHB Kevin Kantor 0-0: Swinging Strike
0-1: Ball
1-1: Fly out, F4 (Popup, 4, EV 60.6 MPH)
Bottom of the 6th over - 0 runs, 0 hits, 0 errors, 0 left on base; Colorado Springs 15 - Sacramento 0
TOP OF THE 7TH
Colorado Springs Sky Sox batting - Pitching for Sacramento River Cats : LHP Mike del Rio
Batting: LHB Steve Gilliam 0-0: Called Strike
0-1: Ground out 4-3 (Groundball, 4, EV 85.0 MPH)
Batting: RHB Maurice Moore 0-0: Ground out 4-3 (Groundball, 4, EV 81.2 MPH)
Batting: LHB Michael Krott 0-0: Ball
1-0: Called Strike
1-1: Ball
2-1: Ground out 4-3 (Groundball, 4, EV 86.2 MPH)
Top of the 7th over - 0 runs, 0 hits, 0 errors, 0 left on base; Colorado Springs 15 - Sacramento 0
BOTTOM OF THE 7TH
Sacramento River Cats batting - Pitching for Colorado Springs Sky Sox : LHP Marc Eismann
Batting: RHB Justin Baldwin 0-0: Ball
1-0: DOUBLE (Flyball, 78D, EV 100.6 MPH)
Batting: RHB Nick Wicker 0-0: Called Strike
0-1: Called Strike
0-2: Ball
1-2: Foul Ball, location: 2F
1-2: Ball
2-2: Foul Ball, location: 2F
2-2: Strikes out swinging
Batting: RHB Matt Shepard 0-0: Called Strike
0-1: TRIPLE (Flyball, 78XD, EV 90.0 MPH)
Justin Baldwin scores
Pinch Hitting: RHB Doug Kennie 0-0: Ball
1-0: Ball
2-0: Called Strike
2-1: Swinging Strike
2-2: Ball
3-2: Fly out, F7 (Flyball, 7, EV 88.8 MPH)
Batting: LHB Mason Duffy 0-0: Ball
1-0: Foul Ball, location: 2F
1-1: Called Strike
1-2: Ground out 4-3 (Groundball, 4MD, EV 94.4 MPH)
Bottom of the 7th over - 1 run, 2 hits, 0 errors, 1 left on base; Colorado Springs 15 - Sacramento 1
TOP OF THE 8TH
Colorado Springs Sky Sox batting - Pitching for Sacramento River Cats : LHP Mike del Rio
Now at 2B: Matt Shepard
Now at 3B: Billy Pranger
Pinch Hitting: RHB Zach Sommer 0-0: Called Strike
0-1: Foul Ball, location: 2F
0-2: Ball
1-2: Foul Ball, location: 2F
1-2: Ball
2-2: Strikes out swinging
Batting: LHB Luke Coulter 0-0: Ball
1-0: Ground out 6-3 (Groundball, 6, EV 80.6 MPH)
Batting: SHB Jamie Mims 0-0: Foul Ball, location: 2F
0-1: Ball
1-1: Swinging Strike
1-2: Strikes out swinging
Top of the 8th over - 0 runs, 0 hits, 0 errors, 0 left on base; Colorado Springs 15 - Sacramento 1
BOTTOM OF THE 8TH
Sacramento River Cats batting - Pitching for Colorado Springs Sky Sox : LHP Marc Eismann
Pitching: LHP Jared Lummus
Now at 3B: Zach Sommer
Batting: RHB Dave Crouch 0-0: Fly out, F8 (Flyball, 8RD, EV 94.4 MPH)
Batting: RHB Troy Trice 0-0: Called Strike
0-1: Swinging Strike
0-2: Ball
1-2: Strikes out swinging
Batting: RHB Hugo Zacarias 0-0: Ball
1-0: Ground out 4-3 (Groundball, 4, EV 106.9 MPH)
Bottom of the 8th over - 0 runs, 0 hits, 0 errors, 0 left on base; Colorado Springs 15 - Sacramento 1
TOP OF THE 9TH
Colorado Springs Sky Sox batting - Pitching for Sacramento River Cats : LHP Mike del Rio
Batting: RHB John Stevenson 0-0: Foul Ball, location: 2F
0-1: Fly out, F8 (Flyball, 8RD, EV 93.1 MPH)
Batting: RHB Kevin McKasson 0-0: Ball
1-0: Foul Ball, location: 2F
1-1: Ball
2-1: Foul Ball, location: 2F
2-2: Fly out, F4 (Popup, 4MD, EV 75.0 MPH)
Batting: LHB Greg Valenzuela 0-0: Ball
1-0: Ball
2-0: Swinging Strike
2-1: Ball
3-1: Foul Ball, location: 2F
3-2: Foul Ball, location: 2F
3-2: Reached on error, E2 (Groundball, 15S, EV 64.4 MPH)
Batting: LHB Steve Gilliam 0-0: Called Strike
0-1: Ball
1-1: Fly out, F9 (Flyball, 89D, EV 91.2 MPH)
Top of the 9th over - 0 runs, 0 hits, 1 error, 1 left on base; Colorado Springs 15 - Sacramento 1
BOTTOM OF THE 9TH
Sacramento River Cats batting - Pitching for Colorado Springs Sky Sox : LHP Jared Lummus
Batting: LHB Kevin Kantor 0-0: Ground out 6-3 (Groundball, 6, EV 91.2 MPH)
Batting: RHB Justin Baldwin 0-0: Foul Ball, location: 2F
0-1: Ground out 4-3 (Groundball, 4S, EV 82.5 MPH)
Batting: RHB Nick Wicker 0-0: Ball
1-0: Ball
2-0: Foul Ball, location: 2F
2-1: Foul Ball, location: 2F
2-2: Ball
3-2: Foul Ball, location: 2F
3-2: Foul Ball, location: 2F
3-2: Ground out U3 (Groundball, 3, EV 86.9 MPH)
Bottom of the 9th over - 0 runs, 0 hits, 0 errors, 0 left on base; Colorado Springs 15 - Sacramento 1
Tuesday, March 28th , 2023 - OOTP Baseball 23.10 Build 110